 Dungeon Crawl Stone Soup version 0.17.2-1-ge4368a0 (webtiles) character file.

3533 mrath the Cleaver (level 10, -2/86 HPs)
             Began as a Hill Orc Abyssal Knight on Aug 13, 2016.
             Was a Priest of Lugonu.
             Slain by an orc warrior
             ... wielding a +0 halberd
              (7 damage)
             ... on level 8 of the Dungeon.
             The game lasted 00:55:01 (10695 turns).

mrath the Cleaver (Hill Orc Abyssal Knight)        Turns: 10695, Time: 00:55:01

Health: -2/86      AC: 11    Str: 19    XL:     10   Next: 8%
Magic:  13/16      EV:  9    Int: 12    God:    Lugonu [***...]
Gold:   466        SH:  0    Dex: 12    Spells: 0 memorised, 9 levels left

rFire  . . .     SeeInvis .     y - +2 hand axe (flame)
rCold  + + .     Clarity  .     x - +0 chain mail
rNeg   . . .     SustAt   .     (no shield)
rPois  .         Gourm    .     (no helmet)
rElec  .         Spirit   .     (no cloak)
rCorr  +         Warding  .     W - +0 pair of gloves of the Lily {rC+ rCorr Dex+2} (curse)
rMut   .         Stasis   .     (no boots)
MR     .....                    T - amulet of regeneration
Stlth  ..........               (no ring)
                                n - ring of protection from cold

@: not resistant to hostile enchantments, extremely unstealthy
A: no striking features
a: Depart the Abyss, Bend Space, Banish, Renounce Religion, Convert to Beogh


You were on level 8 of the Dungeon.
You worshipped Lugonu.
Lugonu was most pleased with you.
You were hungry.

You visited 1 branch of the dungeon, and saw 8 of its levels.
You visited the Abyss 2 times.
You also visited: Sewer.

You collected 466 gold pieces.

Inventory:

Hand Weapons
 y - a +2 hand axe of flaming (weapon)
 E - a +0 blowgun
 N - a +2 whip of freezing
 U - a +0 hunting sling
Missiles
 l - 164 stones
 m - 7 tomahawks (quivered)
 p - 7 curare-tipped needles
 u - 7 sling bullets of flame
 D - 8 silver tomahawks
 F - 32 poisoned needles
 P - 11 poisoned sling bullets
Armour
 w - a +0 plate armour
 x - a +0 chain mail (worn)
 W - the cursed +0 pair of gloves of the Lily (worn) {rC+ rCorr Dex+2}
   (You found it on level 8 of the Dungeon)

   It affects your dexterity (+2).
   It protects you from cold.
   It protects you from acid and corrosion.
   It has a curse placed upon it.
Magical Staves
 R - an uncursed staff of wizardry {unknown}
Jewellery
 n - a ring of protection from cold (left hand)
 L - an uncursed amulet of the gourmand
 T - an amulet of regeneration (around neck)
Wands
 o - a wand of disintegration (11)
Scrolls
 e - 2 scrolls of identify
 i - a scroll of immolation {unknown}
 k - a scroll of remove curse
 q - a scroll of enchant weapon {unknown}
 z - 2 scrolls of teleportation {unknown}
 B - a scroll of recharging {unknown}
 C - a scroll of fear {unknown}
 H - a scroll of random uselessness {unknown}
 J - a scroll of amnesia {unknown}
 K - a scroll of enchant armour {unknown}
 Q - a scroll of magic mapping
Potions
 a - a potion of degeneration {unknown}
 b - a potion of haste {unknown}
 d - a potion of flight {unknown}
 f - a potion of invisibility {unknown}
 h - 3 potions of brilliance
 s - 8 potions of curing
 t - 2 potions of poison {unknown}
 A - a potion of beneficial mutation {unknown}
 G - 3 potions of might
 I - 3 potions of heal wounds
 M - a potion of cure mutation {unknown}
 O - a potion of magic {unknown}
Comestibles
 c - 7 bread rations
 g - 3 royal jellies
 r - 2 fruits
 v - 3 meat rations
 S - a beef jerky


   Skills:
 + Level 7.5 Fighting
 + Level 9.9 Axes
 + Level 2.7 Throwing
 + Level 6.2 Armour
 + Level 4.5 Dodging
 + Level 8.2 Invocations
 + Level 2.8 Evocations


You had 9 spell levels left.
You didn't know any spells.

Dungeon Overview and Level Annotations

Branches:
Dungeon (8/15)             Temple (0/1) D:7
   Lair: D:8-11

Altars:
Elyvilon
Gozag
Kikubaaqudgha
Nemelex Xobeh
Sif Muna
Yredelemnul

Shops:
D:6 (

Annotations:
Abyss:1 Duvessa


Message History

The orc priest invokes the aid of Beogh against you.
Something smites you!
* * * LOW HITPOINT WARNING * * *
You don't know any spells.
There isn't anything here!
Press: ? - help, Shift-Dir - straight line, f - orc warrior
Aim: an orc warrior, wielding a halberd and wearing a plate armour (chance to defeat MR: 83%)
The giant frog is devoured by a tear in reality.
Lugonu claims a new guest.
You feel somewhat more hungry.
You can no longer corrupt the fabric of space.
The orc warrior hits you from afar with a halberd!
* * * LOW HITPOINT WARNING * * *
The orc warrior hits you from afar with a halberd!
* * * LOW HITPOINT WARNING * * *
Things that are here:
a robe; a dagger of chaos You are feeling hungry.
The orc warrior hits you from afar with a halberd!
You die...

.......#...#####.#.#
#.#.###....## #.....##
##.## #.... ##..>#
###.###..##...## # ...
###.# ##..# #.#.....##
....
.....###.######........#
.###. ###...##
#........... ##.##
#.##........ ######.###
#.##......#. ........@.#
#[##........
.########.####.##.....##?
#o##.......#.##
#Z##.#.#)..#Y##
#.##.#.)o.((..###
#.o§...Z...(.....
####.....>#......
######.#.#.### ..#>#.#


You could see an orc warrior, an orc priest and a quokka skeleton.

Vanquished Creatures
  Pikel (D:3)
  Psyche (D:8)
  A two-headed ogre (D:7)
  A steam dragon (D:7)
  4 ice beasts
  An ogre (D:6)
  A phantom (D:7)
  A centaur (D:8)
  2 big kobolds (Sewer)
  3 giant frogs
  A scorpion (D:6)
  Dowan (D:7)
  3 jellies
  A hound (D:5)
  3 orc priests
  Jessica (D:3)
  6 worker ants
  3 iguanas
  7 orc wizards
  A killer bee zombie (D:7)
  A hound skeleton (D:8)
  6 gnolls
  6 river rats
  9 adders
  2 oozes
  An adder zombie (D:7)
  2 worms (D:2)
  22 orcs
  6 ball pythons
  4 giant cockroaches
  11 goblins
  8 hobgoblins
  22 jackals
  22 kobolds
  4 bats
  4 giant geckos
  A giant gecko zombie (D:5)
  7 giant newts
  2 jackal skeletons
  28 rats
211 creatures vanquished.

Vanquished Creatures (others)
  A steam dragon (D:7)
  2 orc warriors
  A giant frog (D:8)
  An orc priest (D:6)
  2 orc wizards
  A river rat (Sewer)
8 creatures vanquished.

Grand Total: 219 creatures vanquished

Notes
Turn   | Place    | Note
--------------------------------------------------------------
     0 | Abyss:1  | mrath the Hill Orc Abyssal Knight began the quest for the Orb.
     0 | Abyss:1  | Reached XP level 1. HP: 19/19 MP: 2/2
     0 | D:1      | Escaped the Abyss
   450 | D:1      | Reached XP level 2. HP: 26/26 MP: 3/3
   552 | D:1      | Reached * piety under Lugonu
   552 | D:1      | Reached skill level 4 in Axes
   810 | D:1      | Reached XP level 3. HP: 27/31 MP: 4/4
  1452 | D:2      | Reached skill level 5 in Axes
  1700 | D:1      | Reached XP level 4. HP: 6/39 MP: 5/5
  2056 | D:2      | Found a sparkling altar of Nemelex Xobeh.
  2082 | D:2      | Reached ** piety under Lugonu
  2135 | D:2      | Reached skill level 6 in Axes
  2607 | D:3      | Noticed Jessica
  2624 | D:3      | Killed Jessica
  2624 | D:3      | Reached skill level 1 in Dodging
  2624 | D:3      | Reached XP level 5. HP: 31/46 MP: 6/6
  2867 | D:3      | Found a white marble altar of Elyvilon.
  3525 | D:4      | Noticed a slave
  3669 | D:4      | Found a glowing drain.
  3691 | D:4      | Reached *** piety under Lugonu
  3727 | D:5      | Entered Level 5 of the Dungeon
  3743 | Sewer    | Entered a sewer
  3941 | Sewer    | Reached XP level 6. HP: 50/52 MP: 8/8
  4783 | Sewer    | Reached **** piety under Lugonu
  4807 | Sewer    | Reached skill level 7 in Axes
  4807 | Sewer    | Reached XP level 7. HP: 36/60 MP: 10/10
  5170 | D:4      | Found an ancient bone altar of Kikubaaqudgha.
  5406 | D:4      | Noticed Pikel
  5406 | D:4      | Noticed a slave
  5411 | D:4      | Noticed a slave
  5411 | D:4      | Noticed a slave
  5433 | D:3      | Killed Pikel
  5433 | D:3      | Reached skill level 5 in Fighting
  5433 | D:3      | Reached skill level 5 in Invocations
  5433 | D:3      | Reached XP level 8. HP: 35/68 MP: 10/12
  5846 | D:4      | Found a deep blue altar of Sif Muna.
  5846 | D:4      | Found a basalt altar of Yredelemnul.
  6159 | D:5      | Noticed an ice beast
  6724 | D:5      | Reached skill level 8 in Axes
  6767 | D:5      | Killed an ice beast
  6940 | D:5      | Noticed an ice beast
  6954 | D:5      | Killed an ice beast
  7222 | D:6      | Found Maall's Weapon Shop.
  7438 | D:6      | Reached skill level 5 in Armour
  8025 | D:6      | Reached XP level 9. HP: 68/75 MP: 13/13
  8470 | D:6      | Reached skill level 9 in Axes
  8493 | D:6      | HP: 2/78 [orc priest/divine providence (15)]
  8771 | D:6      | Reached skill level 1 in Throwing
  8810 | D:7      | Found a staircase to the Ecumenical Temple.
  9277 | D:7      | Reached skill level 1 in Evocations
  9976 | D:7      | Noticed Duvessa
  9983 | D:7      | Noticed Dowan
 10033 | D:7      | Killed Dowan
 10036 | D:7      | Cast into the Abyss (Duvessa)
 10037 | D:7      | Escaped the Abyss
 10047 | D:7      | Banished Duvessa
 10380 | D:8      | Got a pair of brightly glowing gloves
 10391 | D:8      | Identified the cursed +0 pair of gloves of the Lily {rC+ rCorr Dex+2} (You found it on level 8 of the Dungeon)
 10417 | D:8      | Found an opulent altar of Gozag.
 10456 | D:8      | Noticed Psyche
 10481 | D:8      | Killed Psyche
 10481 | D:8      | Reached XP level 10. HP: 29/86 MP: 15/15
 10690 | D:8      | HP: 1/86 [orc warrior/halberd (10)]
 10695 | D:8      | Slain by an orc warrior

Action                   |  1- 3 |  4- 6 |  7- 9 | 10-12 || total
-------------------------+-------+-------+-------+-------++-------
Melee: Hand axe          |   125 |   335 |   420 |    35 ||   915
       Whip              |       |       |    34 |       ||    34
 Fire: Blowgun           |       |       |     8 |       ||     8
Throw: Tomahawk          |     3 |    14 |    38 |       ||    55
       Stone             |       |       |     2 |       ||     2
Invok: Depart the Abyss  |     1 |       |     1 |       ||     2
       Banish            |       |     1 |     7 |     1 ||     9
  Use: Scroll            |       |     4 |     5 |       ||     9
  Eat: Chunk             |     3 |    10 |    24 |     1 ||    38
       Pizza             |       |       |     1 |       ||     1
